 Dungeon Crawl Stone Soup version 0.20.0-8-g6b59dc7 (webtiles) character file.

107 McKennaii the Skirmisher (level 4, -8/37 HPs)
             Began as a Demonspawn Abyssal Knight on May 31, 2017.
             Was a Believer of Lugonu.
             Mangled by Sigmund
             ... wielding a +3 scythe of venom
              (10 damage)
             ... on level 3 of the Dungeon.
             The game lasted 00:04:39 (2988 turns).

McKennaii the Skirmisher (DsAK)                     Turns: 2988, Time: 00:04:40

Health: -8/37      AC:  5    Str: 13      XL:     4   Next: 57%
Magic:  5/5        EV: 11    Int: 12 (13) God:    Lugonu [**....]
Gold:   175        SH:  0    Dex: 13      Spells: 3/3 levels left

rFire    . . .     SeeInvis .   a - +1 falchion
rCold    . . .     Gourm    +   (no shield)
rNeg     . . .     Faith    .   b - +0 leather armour
rPois    .         Spirit   .   (no helmet)
rElec    .         Reflect  .   (no cloak)
rCorr    .         Harm     .   (no gloves)
MR       .....                  (no boots)
Stlth    +.........             m - amulet of the gourmand
Regen    0.2/turn               n - ring of flight
MPRegen  0.1/turn               (no ring)

@: lethally poisoned (-8 -> -43), drained
A: talons 1, molten scales 1, demonic guardian 1
a: Depart the Abyss, Bend Space, Renounce Religion, Evoke Flight


You were on level 3 of the Dungeon.
You worshipped Lugonu.
Lugonu was pleased with you.
You were very hungry.

You visited 1 branch of the dungeon, and saw 4 of its levels.
You visited the Abyss 1 time.

You collected 175 gold pieces.

Inventory:

Hand Weapons
 a - a +1 falchion (weapon)
Armour
 b - a +0 leather armour (worn)
Jewellery
 m - an amulet of the gourmand (around neck)
 n - a ring of flight (left hand)
Wands
 j - a wand of random effects (27/48)
Scrolls
 e - 2 scrolls of fear {unknown}
 f - a scroll of identify {unknown}
 g - a scroll of teleportation
 i - a scroll of blinking {unknown}
 k - a scroll of remove curse {unknown}
 p - a scroll of amnesia {unknown}
 u - a scroll of recharging {unknown}
Potions
 h - 2 potions of degeneration
 q - a potion of berserk rage {unknown}
 r - a potion of resistance {unknown}
 s - a potion of invisibility {unknown}
Comestibles
 c - 3 bread rations
 d - 2 meat rations
 l - 2 fruits
 o - a royal jelly


   Skills:
 + Level 3.7(3.2) Fighting
 + Level 2.7(2.2) Long Blades
 + Level 2.8(2.3) Armour
 + Level 1.3(0.8) Dodging
 + Level 0.4(0.0) Stealth
 + Level 2.6(2.1) Invocations


You had 3 spell levels left.
You didn't know any spells.

Dungeon Overview and Level Annotations

Branches:
Dungeon (4/15)
 Temple: D:4-7

Altars:
Xom

Annotations:
D:3 Sigmund


Innate Abilities, Weirdness & Mutations

You have sharp toenails.
You are partially covered in molten scales. (AC +2)
A weak demonic guardian rushes to your aid.


Message History

Sigmund hits your iron imp with a scythe of venom.
Your iron imp dies!
Evoke which item? (* to show all) (? for menu, Esc to quit)
Aiming: Random Effects (will waste charges)
Press: ? - help, Shift-Dir - straight line, f - Sigmund
Aim: Sigmund, wielding a scythe of venom and wearing a robe (heavily wounded) Sigmund seems to speed up.
Evoking this partially-identified wand wasted a few charges.
You feel sick.
You feel sick.
Sigmund hits you from afar with a scythe of venom!
* * * LOW HITPOINT WARNING * * *
You are more poisoned.
There is a stone staircase leading down here.
You can't go up here!
Unknown command.
* * * LOW HITPOINT WARNING * * *
You feel sick.
Sigmund hits you from afar with a scythe of venom!
You die...

.####......
####.##.#...###÷# .#
........ #..##.....##.#
## ........#
##..÷..##..#.# ..
##.@######....#.##.#.#
...#.............##.#.#.#
.......######.....###.[.#
..... #...#....)####
#..######............#
#...@.@.5...########.#
.......####....## #.#
#####.# #5##.# #.# #.
#.##.# #.# . #.##.#
#####.# ## #.##.# #.....#
#.##.# #.##### #.##.# #.#
#.##.# #.#


You could see Sigmund, a friendly iron imp and a friendly white imp.

Vanquished Creatures
  2 adders
  An ooze (D:2)
  10 orcs (D:3)
  6 bats
  4 giant cockroaches
  2 hobgoblins
  5 jackals
  5 frilled lizards
  4 kobolds
  3 rats
  A plant (D:2)
43 creatures vanquished.

Vanquished Creatures (collateral kills)
  A crimson imp (D:3)
  An adder (D:3)
  An orc (D:3)
  A goblin (D:3)
4 creatures vanquished.

Grand Total: 47 creatures vanquished

Notes
Turn   | Place    | Note
-------+----------+-------------------------------------------
     0 | Abyss:1  | McKennaii the Demonspawn Abyssal Knight began the quest for the Orb.
     0 | Abyss:1  | Reached XP level 1. HP: 18/18 MP: 2/2
   165 | Abyss:3  | Noticed an efreet
   170 | Abyss:3  | Noticed a balrug
   171 | Abyss:3  | Noticed a sun demon
   173 | D:1      | Escaped the Abyss
  1226 | D:2      | Found a shimmering altar of Xom.
  1311 | D:2      | Reached skill level 1 in Dodging
  1311 | D:2      | Gained mutation: A weak demonic guardian rushes to your aid. [demonic ancestry]
  1311 | D:2      | Reached XP level 2. HP: 24/24 MP: 3/3
  1459 | D:2      | Reached * piety under Lugonu
  1688 | D:2      | You fall through a shaft for 2 floors!
  1719 | D:3      | Gained mutation: You have sharp toenails. [demonic ancestry]
  1719 | D:3      | Reached XP level 3. HP: 15/29 MP: 4/4
  2343 | D:3      | HP: 1/30 [adder (2)]
  2367 | D:3      | Gained mutation: You are partially covered in molten scales. (AC +2) [demonic ancestry]
  2367 | D:3      | Reached XP level 4. HP: 27/37 MP: 5/5
  2410 | D:3      | Noticed Sigmund
  2675 | D:2      | Reached ** piety under Lugonu
  2988 | D:3      | Mangled by Sigmund

Skill      XL: |  1  2 |
---------------+-------+-----
Long Blades    | 2 |  2.7
Dodging        | 1 |  1.3
Armour         | 2 |  2.8
Fighting       | |  3.7
Stealth        | |  0.4
Invocations    | |  2.6

Action                   |  1- 3 |  4- 6 || total
-------------------------+-------+-------++-------
Melee: Falchion          |   143 |    27 ||   170
       Kick              |     9 |     3 ||    12
Invok: Depart the Abyss  |     1 |       ||     1
Evoke: Wand              |       |     1 ||     1
  Use: Potion            |     6 |       ||     6
       Scroll            |     1 |       ||     1
  Eat: Chunk             |     6 |       ||     6
Armor: Leather armour    |    34 |     8 ||    42
Dodge: Dodged            |    93 |    15 ||   108
       Rpst.: Falchion   |    24 |     6 ||    30
